 Dungeon Sprint DCSS version 0.32-a0-933-ga8fa3634e4 (webtiles) character file.

Game seed: 5438049684825106022

7280 Goblin1989 the Severer (level 10, -3/90 HPs)
             Began as a Demonspawn Fighter on Apr 14, 2024.
             Was a High Priest of Okawaru.
             Slain by a dire elephant (21 damage)
             ... in the Dungeon (Sprint IX: "|||||||||||||||||||||||||||||").
             The game lasted 00:05:18 (829 turns).

Goblin1989 the Severer (Demonspawn Fighter)          Turns: 829, Time: 00:05:19

Health: -3/90      AC: 18    Str: 21    XL:     10   Next: 89%
Magic:  9/13       EV: 11    Int:  9    God:    Okawaru [*****.]
Gold:   8          SH: 17    Dex: 12    Spells: 9/9 levels left

rFire   . . .        n - +3 war axe (heavy)
rCold   . . .        c - +0 buckler
rNeg    . . .        p - +1 chain mail
rPois   .            (no helmet)
rElec   .            (no cloak)
rCorr   .            o - +0 pair of gloves
SInv    .            (boots unavailable)
Will    +....        (no amulet) Stlth
                     q - +2 ring of protection
HPRegen 0.35/turn    (no ring)
MPRegen 0.13/turn

%: no teleportation
@: heroic
A: hooves 3, large bone plates 2, powered by pain 1, condensation shield,
demonic willpower
a: Renounce Religion, Heroism, Finesse


You were in the Dungeon.
You worshipped Okawaru.
Okawaru was extremely pleased with you.
You visited 1 branch You collected 8 gold pieces.

Inventory:

Hand Weapons
 n - a +3 heavy war axe (weapon)
Armour
 b - a +0 scale mail
 c - a +0 buckler (worn)
 o - a +0 pair of gloves (worn)
 p - a +1 chain mail (worn)
Jewellery
 q - a +2 ring of protection (left hand)
 r - a +3 ring of intelligence
Wands
 m - a wand of roots (10)
Scrolls
 j - 2 scrolls of blinking {!r, @r3}
 u - 4 scrolls of enchant armour
 w - 2 scrolls of identify {@r1}
 x - a scroll of fog
Potions
 e - 4 potions of curing {@q1}
 f - 6 potions of heal wounds {@q2}
 h - 4 potions of magic
 i - a potion of berserk rage
 s - a potion of might {@q4}
 t - a potion of haste {@q3,}
 v - a potion of mutation {!q}


   Skills:
 + Level 12.3(17.3) Fighting
 * Level 15.3(20.3) Axes
 + Level 11.3(16.3) Armour
 + Level 5.6(10.6) Dodging
 - Level 9.7(14.7) Shields
 - Level 5.0 Invocations


You had 9 spell levels left.
You didn't know any spells.
Your spell library was empty.

Dungeon Overview and Level Annotations

Branches:
Dungeon (1/1) Zot: 27000

Altars:
Cheibriados
Dithmenos
Fedhas
Gozag
Hepliaklqana
Kikubaaqudgha
Makhleb
Nemelex Xobeh
Okawaru
Qazlal
Ru
Sif Muna
Trog
Uskayaw
Vehumet
Wu Jian
Xom
Yredelemnul
Beogh
Jiyva
Lugonu


Innate Abilities, Weirdness & Mutations

You have hooves in place of feet.
You are mostly covered in large bone plates. (SH +6)
You sometimes gain a little power by taking damage.
A meltable shield of frost defends you. (SH +4)
You punish those that try to bend your will. (Will+)


Message History

You block the skyshark's attack. The skyshark closely misses you.
You block the skyshark's attack.
You hit the skyshark.
The skyshark is moderately wounded.
You block the skyshark's attack. The skyshark barely misses you.
You block the skyshark's attack.
You slice the skyshark!! Your kick misses the skyshark.
The skyshark is heavily wounded.
You hit the skyshark. You kick the skyshark!
The skyshark is severely wounded.
The skyshark bites you.
The skyshark enters a blood-rage!
The skyshark misses you. The skyshark tail-slaps you!
You take 10 damage, and have 60/89 hp.
You barely miss the skyshark. You kick the skyshark!
The skyshark is almost dead.
You hit the skyshark but do no damage.
The skyshark is almost dead.
You block the skyshark's attack.
The skyshark tail-slaps you but does no damage.
The skyshark tail-slaps you.
You take 3 damage, and have 57/89 hp.
You slice the skyshark!!
You kill the skyshark!
Okawaru is honoured by your kill.
Okawaru will now gift you throwing weapons as you gain piety.
The yak gores you but does no damage.
You see here a skyshark corpse.
You slice the yak!!
The yak is severely wounded.
You block the yak's attack.
You slice the yak!!
You kill the yak!
Okawaru accepts your kill.
Your base Armour skill increases to level 11!
You hit the rime drake. Your kick misses the rime drake.
The rime drake is lightly wounded.
You block the rime drake's attack.
You hit the rime drake.
The rime drake is moderately wounded.
You carve the rime drake like a ham!!!
You kill the rime drake!
Okawaru is honoured by your kill.
Your base Fighting skill increases to level 12!
Your base Axes skill increases to level 15!
Your base Dodging skill increases to level 5!
You slice the cane toad!!
The cane toad is almost dead.
You closely miss the cane toad. You kick the cane toad.
You kill the cane toad!
Okawaru is honoured by your kill. You block the wyvern's attack. x2
You see here a yak corpse.
You slice the wyvern!! You kick the wyvern.
You kill the wyvern!
Okawaru accepts your kill.
You see here a wyvern corpse.
You open the door. 2 dire elephants and 4 elephants come into view.
The elephant trumpets! x2; The dire elephant trumpets!
The elephant trumpets!
You hit the elephant but do no damage.
Your hands slow down.
The elephant tramples you!
You stumble backwards!
You take 11 damage, and have 51/89 hp.
You slash the elephant! You kick the elephant.
The elephant is moderately wounded.
You block the elephant's attack. x2
You cut the elephant into ribbons!!! You kick the elephant!
The elephant is almost dead.
The elephant tramples you but does no damage.
The elephant misses you.
You slice the elephant!!
You kill the elephant!
Okawaru accepts your kill. Okawaru grants you throwing weapons!
Something appears before you!
A dire elephant comes into view.
You feel like a meek peon again.
You see here an elephant corpse.
You slice the dire elephant!!
The dire elephant is moderately wounded.
You block the dire elephant's attack. x2
You slash the dire elephant!
The dire elephant is moderately wounded.
The dire elephant tramples you!!
* * * LOW HITPOINT WARNING * * *
You stumble backwards!
You take 31 damage, and have 23/90 hp.
MASSIVE DAMAGE!!
You hit the dire elephant but do no damage.
The dire elephant is moderately wounded.
You block the dire elephant's attack. The dire elephant trunk-slaps you.
* * * LOW HITPOINT WARNING * * *
You take 6 damage, and have 17/90 hp.
You hit the dire elephant.
You kick the dire elephant, but do no damage.
The dire elephant is moderately wounded.
You block the dire elephant's attack.
The dire elephant trunk-slaps you but does no damage.
You gain the combat prowess of a mighty hero.
The dire elephant tramples you!!
You die...

▓†▓.▓⌂▓
▓†▓.▓⌂▓
▓†▓.▓⌂▓
▓†▓.▓⌂▓
▓.▓.▓⌂▓
▓.▓.▓⌂▓
▓.▓.▓⌂▓
▓.▓.▓⌂▓
▓@▓.▓⌂▓
▓Y▓.▓⌂▓
▓Y▓.▓∆▓
▓Y▓.▓.▓
▓Y▓.▓?▓
▓Y▓.▓)▓
▓Y▓.▓.▓
▓.▓.▓.▓
▓.▓.▓[▓


You could see 3 dire elephants and 3 elephants.

Vanquished Creatures
  A centaur warrior (D)
  A skyshark (D)
  2 cyclopes (D)
  An elephant (D)
  A manticore (D)
  2 black mambas (D)
  2 cane toads (D)
  An elephant (shapeshifter) (D)
  A rime drake (D)
  2 komodo dragons (D)
  2 trolls (D)
  A blink frog (D)
  5 yaks (D)
  2 wyverns (D)
  A wraith (D)
  An acid dragon (D)
  2 water moccasins (D)
  2 black bears (D)
  A wolf (D)
  A centaur (D)
  A scorpion (D)
  A hound (D)
  An iguana (D)
  A bat (D)
  An endoplasm (D)
  A hobgoblin (D)
  A kobold (D)
  A ball python (D)
40 creatures vanquished.

Vanquished Creatures (others)
  An orc warrior (D)
1 creature vanquished.

Grand Total: 41 creatures vanquished

Notes
Turn   | Place    | Note
-------+----------+-------------------------------------------
     0 | D        | Goblin1989 the Demonspawn Fighter began the quest for the
                  | Orb.
     0 | D        | Reached XP level 1. HP: 18/18 MP: 1/1
     7 | D        | Reached skill level 2 in Axes
    64 | D        | Noticed a hound
    64 | D        | Noticed an iguana
    64 | D        | Noticed a black bear
    64 | D        | Noticed a black bear
    64 | D        | Noticed a scorpion
    71 | D        | Killed a hound
    72 | D        | Reached skill level 4 in Axes
    72 | D        | Gained mutation: You have large cloven feet. [demonic
                  | ancestry]
    72 | D        | Reached XP level 2. HP: 16/25 MP: 2/2
    72 | D        | Gained mutation: You are partially covered in large bone
                  | plates. (SH +4) [demonic ancestry]
    72 | D        | Reached XP level 3. HP: 19/30 MP: 3/3
    75 | D        | Killed a black bear
    76 | D        | Reached skill level 5 in Fighting
    76 | D        | Reached skill level 5 in Axes
    76 | D        | Gained mutation: You have hoof-like feet. [demonic
                  | ancestry]
    76 | D        | Reached XP level 4. HP: 27/39 MP: 4/4
    79 | D        | Reached skill level 6 in Axes
    79 | D        | Gained mutation: A meltable shield of frost defends you.
                  | (SH +4) [demonic ancestry]
    79 | D        | Reached XP level 5. HP: 29/44 MP: 5/5
    82 | D        | Killed a black bear
    83 | D        | Reached skill level 7 in Axes
    83 | D        | Reached skill level 5 in Armour
    83 | D        | Reached skill level 5 in Shields
    85 | D        | Reached XP level 6. HP: 28/53 MP: 6/6
    91 | D        | Found a roughly hewn altar of Beogh.
    91 | D        | Found a snail-covered altar of Cheibriados.
    91 | D        | Found a shadowy altar of Dithmenos.
    91 | D        | Found a blossoming altar of Fedhas.
    91 | D        | Found an opulent altar of Gozag.
    92 | D        | Found a hazy altar of Hepliaklqana.
    93 | D        | Found a viscous altar of Jiyva.
    94 | D        | Found an ancient bone altar of Kikubaaqudgha.
    95 | D        | Found a corrupted altar of Lugonu.
    96 | D        | Found a burning altar of Makhleb.
    97 | D        | Found a sparkling altar of Nemelex Xobeh.
    98 | D        | Found an iron altar of Okawaru.
    99 | D        | Found a stormy altar of Qazlal.
   100 | D        | Found a sacrificial altar of Ru.
   101 | D        | Found a shimmering blue altar of Sif Muna.
   102 | D        | Found a bloodstained altar of Trog.
   103 | D        | Found a hide-covered altar of Uskayaw.
   104 | D        | Found a radiant altar of Vehumet.
   105 | D        | Found an ornate altar of the Wu Jian Council.
   106 | D        | Became a worshipper of Warmaster Okawaru
   107 | D        | Found a shimmering altar of Xom.
   108 | D        | Found a basalt altar of Yredelemnul.
   125 | D        | Got the +2 morningstar of the Big Bang {elec, rPois Dex+3
                  | Stlth-}
   160 | D        | Noticed a wraith
   160 | D        | Noticed a troll
   160 | D        | Noticed a yak
   160 | D        | Noticed a troll
   160 | D        | Noticed an orc warrior
   162 | D        | Killed a wraith
   163 | D        | Reached skill level 8 in Axes
   174 | D        | Killed a troll
   174 | D        | Reached * piety under Okawaru
   175 | D        | Reached skill level 9 in Axes
   175 | D        | Gained mutation: You are mostly covered in large bone
                  | plates. (SH +6) [demonic ancestry]
   175 | D        | Reached XP level 7. HP: 44/61 MP: 7/7
   180 | D        | Killed a yak
   181 | D        | Reached skill level 10 in Axes
   185 | D        | Killed a troll
   353 | D        | Noticed a cyclops
   353 | D        | Noticed a raiju
   353 | D        | Noticed a cyclops
   353 | D        | Noticed a centaur warrior
   353 | D        | Noticed a manticore
   359 | D        | Killed a cyclops
   359 | D        | Reached ** piety under Okawaru
   360 | D        | Reached skill level 11 in Axes
   360 | D        | Gained mutation: You have hooves in place of feet. [demonic
                  | ancestry]
   360 | D        | Reached XP level 8. HP: 53/70 MP: 5/8
   368 | D        | a raiju changed into a hog
   370 | D        | a hog changed into an elephant
   370 | D        | Noticed an elephant (shapeshifter)
   373 | D        | Killed an elephant
   373 | D        | Reached *** piety under Okawaru
   377 | D        | Killed a cyclops
   378 | D        | Reached skill level 12 in Axes
   378 | D        | Gained mutation: You sometimes gain a little power by
                  | taking damage. [demonic ancestry]
   378 | D        | Reached XP level 9. HP: 53/78 MP: 7/9
   381 | D        | Killed a centaur warrior
   381 | D        | Reached **** piety under Okawaru
   382 | D        | Reached skill level 10 in Fighting
   384 | D        | Killed a manticore
   385 | D        | Reached skill level 13 in Axes
   596 | D        | Noticed a komodo dragon
   596 | D        | Noticed a black mamba
   596 | D        | Noticed a cane toad
   598 | D        | Noticed a komodo dragon
   601 | D        | Killed a komodo dragon
   602 | D        | Reached skill level 1 in Dodging
   602 | D        | Reached skill level 1 in Invocations
   604 | D        | Killed a black mamba
   605 | D        | Reached skill level 10 in Armour
   612 | D        | Gained mutation: You punish those that try to bend your
                  | will. (Will+) [demonic ancestry]
   612 | D        | Reached XP level 10. HP: 78/87 MP: 8/12
   615 | D        | Killed a cane toad
   621 | D        | Reached ***** piety under Okawaru
   630 | D        | Reached skill level 14 in Axes
   632 | D        | Reached skill level 5 in Invocations
   776 | D        | Noticed a black mamba
   776 | D        | Noticed a skyshark
   786 | D        | Noticed a cane toad
   793 | D        | Killed a black mamba
   801 | D        | Killed a skyshark
   808 | D        | Reached skill level 15 in Axes
   808 | D        | Reached skill level 5 in Dodging
   809 | D        | Killed a cane toad
   819 | D        | Noticed an elephant
   819 | D        | Noticed an elephant
   819 | D        | Noticed an elephant
   819 | D        | Noticed a dire elephant
   819 | D        | Noticed a dire elephant
   819 | D        | Noticed an elephant
   823 | D        | Killed an elephant
   823 | D        | Received a gift from Okawaru
   824 | D        | Noticed a dire elephant
   829 | D        | Slain by a dire elephant

Illustrated notes

Levels and vault maps discovered:
D:        linesprint [early_d, line_temple, items_1, d_10, items_2, lair_1,
          lair_end, items_3, orc_1, orc_end, items_4, d_15, swamp_1, shoals_1,
          snake_1, spider_1, d_20, vaults_1, items_5, swamp_end, shoals_end,
          snake_end, spider_end, vaults_end, d_27, items_6, zot_1, zot_end,
          crypt_end, forest_end, elf_end, slime_end, tomb_end, abyss_end,
          pan_hell_end]

Skill      XL: |  1  2  3  4  5  6  7  8  9 10 |
---------------+-------------------------------+-----
Axes           | 4 5 6 7 9 11 12 13 15 | 15.3
Armour         | 3 4 5 7 8 9 10 11 | 11.3
Shields        | 3 4 5 7 8 9 |  9.7
Fighting       | 4 5 6 7 8 9 11 12 | 12.3
Dodging        | 2 5 |  5.6
Invocations    | 3 5 |  5.0

Action                     |  1- 3 |  4- 6 |  7- 9 | 10-12 || total
---------------------------+-------+-------+-------+-------++-------
  Melee: War axe           |    26 |    20 |    53 |    57 ||   156
         Kick              |       |     7 |    12 |    19 ||    38
 Invoke: Heroism           |       |       |     3 |     3 ||     6
         Finesse           |       |       |       |     1 ||     1
    Use: Potion            |     1 |     3 |     1 |       ||     5
   Stab: Invisible         |       |       |     1 |       ||     1
 Armour: Scale mail        |    22 |     8 |       |       ||    30
         Chain mail        |       |    21 |    25 |    27 ||    73
  Dodge: Dodged            |    21 |    12 |    11 |     6 ||    50
  Block: Buckler           |    11 |    26 |    39 |    39 ||   115

Table legend: (Time is in decaauts)
 A = Elapsed time spent in this place.
 B = Non-inter-level travel time spent in this place.
 C = Inter-level travel time spent in this place.
 D = Time resting spent in this place.
 E = Time spent auto-exploring this place.
 F = Levels seen in this place.
 G = Mean time per level.
                   A        B        C        D        E       F      G
               +--------+--------+--------+--------+--------+-----+--------+
         Total |    832 |    832 |      0 |    370 |    129 |   1 |  832.0 |
       Dungeon |    832 |    832 |      0 |    370 |    129 |   1 |  832.0 |
               +--------+--------+--------+--------+--------+-----+--------+

Top non-repeatable levels by time:
       D: 832 daAuts
